 Dungeon Crawl Stone Soup version 0.29.0-15-g675c0067aa (webtiles) character file.

Game seed: 16968728698383718793

91190 qw the Severer (level 15, -1/220 HPs)
             Began as a Minotaur Berserker on Sept 12, 2022.
             Was a High Priest of Trog.
             Killed by divine providence
             ... invoked by an orc priest
              (12 damage)
             ... on level 2 of the Orcish Mines.
             The game lasted 00:08:14 (25228 turns).

qw the Severer (Minotaur Berserker)                Turns: 25228, Time: 00:08:14

Health: -1/220     AC: 26    Str: 26    XL:     15   Next: 54%
Magic:  14/14      EV: 14    Int:  6    God:    Trog [*****.]
Gold:   1491       SH: 11    Dex:  9    Spells: 14/14 levels left

rFire   + . .      SeeInvis +   l - +8 war axe of Hacking and Slashing {elec, Int+3 Dex-4 SInv Stlth+}
rCold   . . .      Faith    .   x - +0 kite shield
rNeg    + . .      Spirit   .   m - +9 chain mail of the Hot Ocelot {Rampage *Corrode Regen+}
rPois   +          Reflect  .   s - +1 hat
rElec   .          Harm     .   A - +2 ratskin cloak {*Rats rPois rN+ Str-1 Int-1 Dex+1}
rCorr   .          Rampage  +   j - +1 pair of gloves
Will    +....                   b - +0 pair of boots
Stlth   ..........              o - amulet of the acrobat
HPRegen 1.26/turn               c - +4 ring of evasion
MPRegen 0.14/turn               f - ring of protection from fire

@: berserking, corroded, very quick
A: horns 2, retaliatory headbutt, subdued magic 1
a: Renounce Religion, Berserk, Trog's Hand, Brothers in Arms


You were on level 2 of the Orcish Mines.
You worshipped Trog.
Trog was extremely pleased with you.
You visited 3 branches of the dungeon, and saw 22 of its levels.
You also visited: Gauntlet.

You collected 1984 gold pieces.
You spent 493 gold pieces at shops.


Innate Abilities, Weirdness & Mutations

You have a pair of horns on your head.
You reflexively headbutt those who attack you in melee.
Your spells are a little easier to cast, but a little less powerful.


   Skills:
 - Level 17.5 Fighting
 - Level 18.2 Axes
 - Level 10.0 Throwing
 - Level 14.0 Armour
 - Level 7.1 Dodging
 + Level 11.9 Shields


You had 14 spell levels left.
You didn't know any spells.
Your spell library was empty.

Inventory:

Hand Weapons
 k - a +2 flail of protection
 l - the +8 war axe of Hacking and Slashing (weapon) {elec, Int+3 Dex-4 SInv Stlth+}
   (You found it on level 6 of the Dungeon)

   It occasionally discharges a powerful burst of electricity upon striking a
   foe.
   Int:       It affects your intelligence (+3).
   Dex:       It affects your dexterity (-4).
   SInv:      It lets you see invisible.
   Stlth:     It makes you more stealthy.
Missiles
 e - 6 boomerangs
 y - a javelin
 z - 2 silver javelins (quivered)
Armour
 b - a +0 pair of boots (worn)
 j - a +1 pair of gloves (worn)
 m - the +9 chain mail of the Hot Ocelot (worn) {Rampage *Corrode Regen+}
   (You found it on level 6 of the Dungeon)

   Regen:     It increases your rate of health regeneration.
   *Corrode:  It may corrode you when you take damage.
   Rampage:   It bestows one free step when moving towards enemies.
 r - a scarf of repulsion
 s - a +1 hat (worn)
 x - a +0 kite shield (worn)
 A - the +2 ratskin cloak (worn) {*Rats rPois rN+ Str-1 Int-1 Dex+1}
   (You found it in a Gauntlet)

   When the wearer is hurt, rats may emerge from it to assist them.
   Str:       It affects your strength (-1).
   Int:       It affects your intelligence (-1).
   Dex:       It affects your dexterity (+1).
   rPois:     It protects you from poison.
   rN:        It protects you from negative energy.
Jewellery
 c - a +4 ring of evasion (left hand)
 d - a ring of ice
 f - a ring of protection from fire (right hand)
 o - an amulet of the acrobat (around neck)
 w - a ring of protection from fire
Scrolls
 a - 7 scrolls of identify
 g - 7 scrolls of teleportation
 u - 2 scrolls of enchant weapon
Potions
 h - 13 potions of curing
 i - 4 potions of mutation
 n - 3 potions of might
 p - 5 potions of heal wounds
 q - 2 potions of resistance
 t - a potion of cancellation
 v - 3 potions of haste

Dungeon Overview and Level Annotations

Branches:
Dungeon (15/15)            Temple (0/1) D:7            Lair (5/5) D:10
 Shoals (0/4) Lair:3       Spider (0/4) Lair:2        Slime (0/5) Lair:4
    Orc (2/2) D:12            Elf (0/3) Orc:2        Vaults (0/5) D:13
 Depths (0/4) D:15        Gauntlet (visited)

Altars:
Cheibriados
Dithmenos
Elyvilon
Fedhas
Gozag
Hepliaklqana
Makhleb
Uskayaw
Wu Jian
Zin
Jiyva
Lugonu

Shops:
D:6 (   D:7 [   D:14 !   D:15 [

Portals:
Abyss: Lair:5
Volcano: Orc:1

Annotations:
D:4 2 transporters, qw's ghost, weakling GrDe
D:14 2 transporters, Uummannaq's ghost, journeyman MiFi
Lair:2 3 runed translucent doors, qw's ghost, novice MiBe
Lair:4 4 runed translucent doors, qw's ghost, journeyman TrCA
Lair:5 2 runed translucent doors, qw's ghost, journeyman TrCA


Message History

You slash the orc knight!
Lightning courses through the orc knight!
The orc knight is severely wounded.
You slash the orc warrior!
Lightning courses through the orc warrior!
You kill the orc warrior!
Trog accepts your kill.
You slash the orc knight!
You kill the orc knight!
Trog accepts your kill.
An orc warrior comes into view. It is wielding a +0 scimitar.
You block the orc warrior's attack.
The orc warrior hits you but does no damage.
You closely miss the orc warrior.
The orc high priest no longer looks unusually strong.
The orc knight shoots a bolt.
You block the bolt.
You open the orc warrior like a pillowcase!!!
You kill the orc warrior!
Trog accepts your kill.
The orc warrior no longer looks unusually strong.
The orc high priest no longer looks unusually strong. x2
You block the orc warrior's attack.
The orc warrior hits you from afar with a +0 trident!!
The orc knight roars a battlecry!
The orcs go into a battle-frenzy!
You closely miss the orc warrior. You headbutt the orc warrior.
The orc warrior is lightly wounded.
You slice the orc warrior!!
You kill the orc warrior!
Trog accepts your kill.
The orc knight no longer looks unusually strong.
The orc no longer looks unusually strong.
The orc warrior hits you from afar with a +0 glaive.
The orc throws a boomerang.
You block the boomerang.
The orc warrior hits you from afar with a +0 trident!
The orc high priest says, "You will make a fine sacrifice."
The orc high priest mumbles some strange prayers to Beogh.
The orc priest mumbles some strange prayers to Beogh against you.
Beogh smites you!
You die...

#.....##.# ##.##.....
########## #########
####### .# ###.....###
... ###.........## ...
##.............# .o
###...............
#.#o#o#)#.#.#.#.#.#.#.#.
.oooo.)@)...............
.o4ooo#)#...............
...oo.oo................
#.#o#o#.#.#.#.#.#.#.#.#.
....4o###...............
..... ##.............#
...## ###.........### ##
###.....### #######


You could see 2 orc knights, 3 orc high priests, 2 rust devils, 6 orc warriors,
4 orc priests and 3 orcs.

Vanquished Creatures
  Gastronok (Lair:3)
  Kirke (Lair:5)
  A stone giant (D:15)
  An ironbound preserver (D:13)
  Snorg (Lair:3)
  A minotaur (Gauntlet)
  A rakshasa (D:13)
  Erolcha (Orc:1)
  3 hydras
  A death knight (D:15)
  2 catoblepae (Lair:4)
  4 boulder beetles
  2 centaur warriors
  5 two-headed ogres
  6 death yaks
  3 thrashing horrors (Lair:5)
  4 tengu warriors
  4 skeletal warriors (D:14)
  3 deep trolls (D:15)
  A swamp dragon (shapeshifter) (D:14)
  A necromancer (Gauntlet)
  2 wizards (D:15)
  2 orc knights (Orc:2)
  A deep elf pyromancer (D:13)
  2 phantasmal warriors (D:15)
  An oklob plant (Gauntlet)
  A wolf spider (D:15)
  6 cyclopes
  8 ugly things
  2 manticores
  3 elephants (Lair:5)
  2 black mambas
  A gargoyle (D:11)
  A torpor snail (Lair:5)
  7 cane toads
  An unseen horror (D:12)
  A freezing wraith (D:15)
  2 rime drakes (Lair:3)
  11 komodo dragons
  An ancient zyme (Lair:5)
  7 trolls
  6 meliai
  2 polar bears
  A blink frog (shapeshifter) (Lair:5)
  5 slime creatures (D:12)
  A hornet (D:11)
  20 blink frogs
  A spriggan (shapeshifter) (Lair:5)
  2 ynoxinuls (Lair:5)
  3 shadows
  2 vampires
  4 wraiths
  5 wyverns
  A water elemental (D:11)
  46 yaks
  7 hogs (Lair:5)
  6 basilisks
  3 chaos spawn
  18 vampire mosquitoes
  2 steam dragons
  A neqoxec (Gauntlet)
  A warg (Orc:1)
  3 acid dragons
  9 water moccasins
  26 orc warriors
  4 large abominations (Lair:5)
  2 ice beasts
  7 ogres
  8 centaurs
  4 wolves (Gauntlet)
  5 scorpions
  8 bullfrogs
  9 small abominations (Lair:5)
  17 wights
  8 howler monkeys
  9 electric eels
  2 hounds
  22 orc priests
  3 jellies
  Jessica (D:2)
  A gnoll bouda (D:3)
  4 iguanas
  20 orc wizards
  A mummy (D:10)
  Robin (D:4)
  10 gnolls
  5 adders
  A worm (D:2)
  A dart slug (D:5)
  72 orcs
  5 bats
  5 endoplasms
  3 giant cockroaches
  21 goblins
  20 hobgoblins
  4 jackals (D:1)
  2 quokkas (D:1)
  8 ball pythons
  4 frilled lizards
  A kobold (D:2)
  4 rats
586 creatures vanquished.

Vanquished Creatures (collateral kills)
  5 boulder beetles
  3 hydras
  A death yak (Lair:1)
  An orc high priest (Orc:2)
  A deep elf pyromancer (D:13)
  A black mamba (Lair:3)
  A rime drake (Lair:5)
  3 komodo dragons
16 creatures vanquished.

Vanquished Creatures (others)
  21 fungi
  40 plants
61 creatures vanquished.

Grand Total: 663 creatures vanquished

Notes
Turn   | Place    | Note
-------+----------+-------------------------------------------
     0 | D:1      | qw the Minotaur Berserker began the quest for the Orb.
     0 | D:1      | Reached XP level 1. HP: 19/19 MP: 0/0
     0 | D:1      | 0 ||| qw: Version: 0.1-a-119-g272c26d
     0 | D:1      | 0 ||| qw: Game counter: 10837
     0 | D:1      | 0 ||| qw: Always use a shield: true
     0 | D:1      | 0 ||| qw: Do Orc after D:15 true
     0 | D:1      | 0 ||| qw: Do second Lair branch before Depths: true
     0 | D:1      | 0 ||| qw: Lair rune preference: random
     0 | D:1      | 0 ||| qw: Plans: Normal
     0 | D:1      | 0 ||| PLANNING D:1-11
   208 | D:1      | Reached skill level 4 in Axes
   212 | D:1      | Reached XP level 2. HP: 22/26 MP: 1/1
   381 | D:1      | Found a faded altar of an unknown god.
   527 | D:1      | 527 ||| Stepping ~*~*~tactically~*~*~ (stealth).
   528 | D:1      | 528 ||| Stepping ~*~*~tactically~*~*~ (stealth).
   530 | D:1      | 530 ||| Stepping ~*~*~tactically~*~*~ (stealth).
   531 | D:1      | 531 ||| Stepping ~*~*~tactically~*~*~ (stealth).
   532 | D:1      | 532 ||| Stepping ~*~*~tactically~*~*~ (stealth).
   567 | D:1      | Reached skill level 5 in Axes
   851 | D:1      | Reached XP level 3. HP: 31/31 MP: 2/2
   857 | D:1      | 857 ||| Stepping ~*~*~tactically~*~*~ (stealth).
   858 | D:1      | 858 ||| Stepping ~*~*~tactically~*~*~ (stealth).
   862 | D:1      | 862 ||| Stepping ~*~*~tactically~*~*~ (stealth).
   946 | D:1      | 946 ||| INVOKING Berserk.
  1138 | D:1      | 1138 ||| READING 2 scrolls labelled JUPEAD VERUR.
  1139 | D:1      | 1139 ||| READING scroll labelled DOOLE PUHOUGH.
  1140 | D:1      | 1140 ||| READING scroll labelled NONUWAIXTO.
  1141 | D:1      | 1141 ||| READING scroll labelled KIALUM SUYSS.
  1142 | D:1      | 1142 ||| DRINKING 2 fuming red potions.
  1160 | D:2      | 1160 ||| STAIRDANCE
  1196 | D:2      | 1196 ||| STAIRDANCE
  1376 | D:2      | 1376 ||| DROPPING +0 club.
  1431 | D:2      | 1431 ||| Stepping ~*~*~tactically~*~*~ (stealth).
  1432 | D:2      | 1432 ||| SWAPPING to +0 war axe.
  1433 | D:2      | 1433 ||| DROPPING +0 hand axe.
  1473 | D:2      | Noticed Jessica
  1474 | D:2      | 1474 ||| Stepping ~*~*~tactically~*~*~ (hiding).
  1475 | D:2      | 1475 ||| Stepping ~*~*~tactically~*~*~ (hiding).
  1484 | D:2      | Killed Jessica
  1547 | D:2      | Reached ** piety under Trog
  1548 | D:2      | Reached skill level 6 in Axes
  1548 | D:2      | Reached XP level 4. HP: 39/39 MP: 3/3
  1991 | D:2      | 1991 ||| UPGRADING to +0 scale mail.
  2001 | D:2      | 2001 ||| DROPPING +0 animal skin.
  2002 | D:2      | 2002 ||| UPGRADING to +0 pair of gloves.
  2007 | D:2      | 2007 ||| READING scroll labelled KIUDU KOPRIMP.
  2008 | D:2      | 2008 ||| READING 3 scrolls of identify.
  2008 | D:2      | 2008 ||| IDENTIFYING fizzy puce potion
  2009 | D:2      | 2009 ||| READING 2 scrolls of identify.
  2009 | D:2      | 2009 ||| IDENTIFYING coppery potion
  2010 | D:2      | 2010 ||| DROPPING potion of ambrosia.
  2095 | D:3      | 2095 ||| Stepping ~*~*~tactically~*~*~ (stealth).
  2108 | D:3      | 2108 ||| Stepping ~*~*~tactically~*~*~ (stealth).
  2312 | D:3      | 2312 ||| Stepping ~*~*~tactically~*~*~ (hiding).
  2317 | D:3      | 2317 ||| INVOKING Berserk.
  2387 | D:3      | 2387 ||| Stepping ~*~*~tactically~*~*~ (stealth).
  2391 | D:3      | Reached skill level 7 in Axes
  2391 | D:3      | Reached XP level 5. HP: 24/45 MP: 4/4
  2567 | D:3      | Found a blossoming altar of Fedhas.
  2568 | D:3      | 2568 ||| Stepping ~*~*~tactically~*~*~ (stealth).
  2641 | D:3      | 2641 ||| DROPPING +0 flail.
  2802 | D:3      | 2802 ||| Stepping ~*~*~tactically~*~*~ (stealth).
  2806 | D:3      | 2806 ||| Stepping ~*~*~tactically~*~*~ (stealth).
  2821 | D:3      | 2821 ||| Stepping ~*~*~tactically~*~*~ (stealth).
  2822 | D:3      | 2822 ||| Stepping ~*~*~tactically~*~*~ (stealth).
  2834 | D:3      | 2834 ||| Stepping ~*~*~tactically~*~*~ (stealth).
  2849 | D:3      | 2849 ||| Stepping ~*~*~tactically~*~*~ (stealth).
  2850 | D:3      | 2850 ||| Stepping ~*~*~tactically~*~*~ (stealth).
  3027 | D:3      | 3027 ||| DROPPING ring of flight.
  3028 | D:3      | 3028 ||| READING 2 scrolls labelled GYOLEUTUAM.
  3033 | D:3      | 3033 ||| READING scroll labelled ONESUKHL JOREU.
  3034 | D:3      | 3034 ||| READING scroll labelled ATAPNA EXOEN.
  3035 | D:3      | 3035 ||| READING 2 scrolls of identify.
  3035 | D:3      | 3035 ||| IDENTIFYING sedimented green potion
  3079 | D:4      | Found an opulent altar of Gozag.
  3120 | D:4      | Noticed Robin
  3130 | D:4      | 3130 ||| INVOKING Berserk.
  3134 | D:4      | Killed Robin
  3188 | D:4      | Identified the +10 spear of the Muttering Seer {vamp,
                  | +Blink rF++ Dex-2 Stlth+}
  3198 | D:4      | Noticed an ogre
  3199 | D:4      | 3199 ||| Stepping ~*~*~tactically~*~*~ (stealth).
  3205 | D:4      | 3205 ||| INVOKING Berserk.
  3208 | D:4      | Killed an ogre
  3209 | D:4      | Reached skill level 8 in Axes
  3209 | D:4      | Reached XP level 6. HP: 52/52 MP: 5/5
  3319 | D:4      | Found a glowing silver altar of Zin.
  3323 | D:4      | Found a burning altar of Makhleb.
  3338 | D:4      | 3338 ||| Stepping ~*~*~tactically~*~*~ (stealth).
  3441 | D:4      | Found a transporter.
  3489 | D:4      | Found a transporter.
  3500 | D:4      | Noticed qw's ghost (weakling GrDe)
  3801 | D:4      | 3801 ||| READING scroll labelled XUERHI JAULOFA.
  3802 | D:4      | 3802 ||| READING 2 scrolls of identify.
  3802 | D:4      | 3802 ||| IDENTIFYING yellow potion
  3803 | D:4      | 3803 ||| DROPPING potion of brilliance.
  3804 | D:4      | 3804 ||| READING scroll of teleportation.
  3822 | D:5      | Entered Level 5 of the Dungeon
  3872 | D:5      | 3872 ||| INVOKING Berserk.
  3949 | D:5      | 3949 ||| Stepping ~*~*~tactically~*~*~ (stealth).
  3953 | D:5      | 3953 ||| INVOKING Berserk.
  3957 | D:5      | Reached skill level 9 in Axes
  3958 | D:5      | Reached XP level 7. HP: 60/60 MP: 6/6
  3971 | D:5      | 3971 ||| FLEEEEING.
  3972 | D:5      | 3972 ||| FLEEEEING.
  3973 | D:5      | 3973 ||| FLEEEEING.
  3974 | D:5      | 3974 ||| FLEEEEING.
  3975 | D:5      | 3975 ||| FLEEEEING.
  3976 | D:5      | 3976 ||| FLEEEEING.
  3980 | D:5      | 3980 ||| FLEEEEING.
  3981 | D:5      | 3981 ||| FLEEEEING.
  3982 | D:5      | 3982 ||| FLEEEEING.
  4055 | D:5      | 4055 ||| Stepping ~*~*~tactically~*~*~ (stealth).
  4057 | D:5      | 4057 ||| Stepping ~*~*~tactically~*~*~ (hiding).
  4058 | D:5      | 4058 ||| Stepping ~*~*~tactically~*~*~ (hiding).
  4060 | D:5      | Reached *** piety under Trog
  4062 | D:5      | 4062 ||| INVOKING Berserk.
  4207 | D:5      | Reached skill level 10 in Axes
  4241 | D:5      | 4241 ||| INVOKING Berserk.
  4354 | D:5      | 4354 ||| Stepping ~*~*~tactically~*~*~ (stealth).
  4359 | D:5      | 4359 ||| INVOKING Berserk.
  4452 | D:5      | 4452 ||| INVOKING Berserk.
  4452 | D:5      | HP: 22/91 [centaur/arrow (2)]
  4456 | D:5      | Reached skill level 6 in Fighting
  4936 | D:5      | 4936 ||| Stepping ~*~*~tactically~*~*~ (hiding).
  4937 | D:5      | 4937 ||| Stepping ~*~*~tactically~*~*~ (hiding).
  4938 | D:5      | 4938 ||| Stepping ~*~*~tactically~*~*~ (hiding).
  5094 | D:5      | Reached XP level 8. HP: 60/70 MP: 7/7
  5195 | D:5      | 5195 ||| INVOKING Berserk.
  5198 | D:5      | Reached skill level 1 in Throwing
  5352 | D:5      | 5352 ||| INVOKING Berserk.
  5590 | D:5      | 5590 ||| UPGRADING to +4 ring of evasion.
  5591 | D:5      | 5591 ||| READING scroll labelled ZEH OSKUEGUA.
  5648 | D:6      | 5648 ||| INVOKING Berserk.
  5650 | D:6      | Reached skill level 11 in Axes
  5816 | D:6      | Found Tokhyzup's Weapon Emporium.
  5821 | D:6      | Identified the +8 war axe of Hacking and Slashing {elec,
                  | Int+3 Dex-4 SInv Stlth+}
  5823 | D:6      | 5823 ||| SWAPPING to +8 war axe of Hacking and Slashing
                  | {elec, Int+3 Dex-4 SInv Stlth+}.
  5824 | D:6      | 5824 ||| DROPPING +0 war axe.
  5840 | D:6      | Reached skill level 3 in Armour
  6087 | D:6      | Reached skill level 12 in Axes
  6226 | D:6      | Identified the +9 chain mail of the Hot Ocelot {Rampage
                  | *Corrode Regen+}
  6384 | D:6      | Found a white marble altar of Elyvilon.
  6909 | D:6      | 6909 ||| UPGRADING to +0 chain mail.
  6919 | D:6      | 6919 ||| DROPPING +0 scale mail.
  6920 | D:6      | 6920 ||| UPGRADING to +9 chain mail of the Hot Ocelot
                  | {Rampage *Corrode Regen+}.
  6930 | D:6      | 6930 ||| DROPPING +0 chain mail.
  6987 | D:7      | 6987 ||| Stepping ~*~*~tactically~*~*~ (stealth).
  6989 | D:7      | 6989 ||| Stepping ~*~*~tactically~*~*~ (hiding).
  7028 | D:7      | 7028 ||| Stepping ~*~*~tactically~*~*~ (hiding).
  7031 | D:7      | 7031 ||| Stepping ~*~*~tactically~*~*~ (hiding).
  7038 | D:7      | 7038 ||| INVOKING Berserk.
  7041 | D:7      | Reached XP level 9. HP: 79/79 MP: 8/8
  7087 | D:7      | 7087 ||| FLEEEEING.
  7089 | D:7      | 7089 ||| Stepping ~*~*~tactically~*~*~ (stealth).
  7091 | D:7      | 7091 ||| Stepping ~*~*~tactically~*~*~ (stealth).
  7096 | D:7      | 7096 ||| FLEEEEING.
  7097 | D:7      | 7097 ||| FLEEEEING.
  7169 | D:7      | Found Feung's Antique Armour Boutique.
  7173 | D:7      | 7173 ||| SHOPLISTING +10 tower shield of Ignorance {rN+
                  | Int-4} (1317 gold, have 361).
  7212 | D:7      | 7212 ||| Stepping ~*~*~tactically~*~*~ (stealth).
  7213 | D:7      | 7213 ||| Stepping ~*~*~tactically~*~*~ (stealth).
  7267 | D:7      | Found a staircase to the Ecumenical Temple.
  7372 | D:7      | Reached skill level 13 in Axes
  7373 | D:7      | Noticed a troll
  7379 | D:7      | 7379 ||| INVOKING Berserk.
  7382 | D:7      | Killed a troll
  7578 | D:7      | Reached skill level 3 in Throwing
  7757 | D:7      | 7757 ||| FLEEEEING.
  7758 | D:7      | 7758 ||| FLEEEEING.
  7759 | D:7      | 7759 ||| FLEEEEING.
  7760 | D:7      | 7760 ||| FLEEEEING.
  7761 | D:7      | 7761 ||| FLEEEEING.
  7762 | D:7      | 7762 ||| FLEEEEING.
  7763 | D:7      | 7763 ||| FLEEEEING.
  7764 | D:7      | 7764 ||| FLEEEEING.
  7768 | D:7      | 7768 ||| INVOKING Berserk.
  8140 | D:7      | 8140 ||| UPGRADING to +0 pair of boots.
  8417 | D:8      | Reached skill level 14 in Axes
  8509 | D:8      | Reached skill level 6 in Armour
  8527 | D:8      | 8527 ||| INVOKING Berserk.
  8530 | D:8      | Reached XP level 10. HP: 88/88 MP: 9/9
  8667 | D:8      | 8667 ||| Stepping ~*~*~tactically~*~*~ (stealth).
  8668 | D:8      | 8668 ||| Stepping ~*~*~tactically~*~*~ (stealth).
  8884 | D:8      | Identified the +10 spear of Qazlal's Envy {protect, rElec
                  | rCorr Str-4 Stlth+}
  9051 | D:8      | Found a shadowy altar of Dithmenos.
  9114 | D:8      | 9114 ||| READING scroll labelled GUKHLA QOLL.
  9115 | D:8      | 9115 ||| READING 5 scrolls of identify.
  9115 | D:8      | 9115 ||| IDENTIFYING orange potion
  9116 | D:8      | 9116 ||| DRINKING potion of experience.
  9116 | D:8      | Reached skill level 18 in Axes
  9116 | D:8      | Reached XP level 11. HP: 94/94 MP: 10/10
  9117 | D:8      | 9117 ||| READING 4 scrolls of identify.
  9117 | D:8      | 9117 ||| IDENTIFYING smoky red potion
  9151 | D:9      | Reached **** piety under Trog
  9159 | D:9      | Reached skill level 9 in Fighting
  9229 | D:9      | 9229 ||| INVOKING Berserk.
  9786 | D:9      | 9786 ||| Stepping ~*~*~tactically~*~*~ (stealth).
  9890 | D:9      | 9890 ||| READING scroll labelled TOODDU INUOCIF.
  9935 | D:9      | 9935 ||| READING scroll labelled FUX UPHYUGORO.
  9936 | D:9      | 9936 ||| DRINKING 2 glowing clear potions.
  9937 | D:9      | 9937 ||| READING 5 scrolls of identify.
  9937 | D:9      | 9937 ||| IDENTIFYING glowing cyan potion
  9938 | D:9      | 9938 ||| DROPPING potion of magic.
  9976 | D:10     | Entered Level 10 of the Dungeon
 10032 | D:10     | 10032 ||| Stepping ~*~*~tactically~*~*~ (hiding).
 10034 | D:10     | 10034 ||| INVOKING Berserk.
 10221 | D:10     | Found a snail-covered altar of Cheibriados.
 10309 | D:10     | 10309 ||| Stepping ~*~*~tactically~*~*~ (hiding).
 10514 | D:10     | Found a staircase to the Lair.
 10535 | D:10     | 10535 ||| PLANNING LAIR
 10535 | D:10     | 10535 ||| UPGRADING to +0 buckler.
 10540 | D:10     | 10540 ||| UPGRADING to amulet of the acrobat.
 10545 | D:10     | 10545 ||| DROPPING amulet of faith.
 10546 | D:10     | 10546 ||| READING scroll labelled FIKUTALAA.
 10664 | Lair:1   | Entered Level 1 of the Lair of Beasts
 10702 | Lair:1   | 10702 ||| Stepping ~*~*~tactically~*~*~ (stealth).
 10709 | Lair:1   | Reached skill level 1 in Shields
 10713 | Lair:1   | Noticed a death yak
 10713 | Lair:1   | Noticed a death yak
 10714 | Lair:1   | 10714 ||| Stepping ~*~*~tactically~*~*~ (stealth).
 10719 | Lair:1   | Reached skill level 3 in Shields
 10724 | Lair:1   | 10724 ||| Stepping ~*~*~tactically~*~*~ (stealth).
 10725 | Lair:1   | 10725 ||| INVOKING Berserk.
 10730 | Lair:1   | Killed a death yak
 10731 | Lair:1   | Killed a death yak
 10735 | Lair:1   | Reached skill level 6 in Shields
 10951 | Lair:1   | 10951 ||| INVOKING Berserk.
 11076 | Lair:1   | 11076 ||| INVOKING Berserk.
 11331 | Lair:1   | Noticed an eight-headed hydra
 11332 | Lair:1   | 11332 ||| INVOKING Brothers in Arms.
 11333 | Lair:1   | Noticed a death yak
 11333 | Lair:1   | Noticed a boulder beetle
 11334 | Lair:1   | 11334 ||| SWAPPING to +2 flail of protection.
 11335 | Lair:1   | 11335 ||| INVOKING Berserk.
 11337 | Lair:1   | Killed an eight-headed hydra
 11338 | Lair:1   | Reached skill level 3 in Dodging
 11340 | Lair:1   | Killed a death yak
 11344 | Lair:1   | 11344 ||| SWAPPING to +8 war axe of Hacking and Slashing
                  | {elec, Int+3 Dex-4 SInv Stlth+}.
 11346 | Lair:1   | Killed a boulder beetle
 11741 | Lair:1   | 11741 ||| READING scroll labelled ISOIPO NUPI.
 11762 | Lair:2   | 11762 ||| INVOKING Berserk.
 11764 | Lair:2   | Reached XP level 12. HP: 106/106 MP: 11/11
 11934 | Lair:2   | 11934 ||| Stepping ~*~*~tactically~*~*~ (cloud).
 11938 | Lair:2   | 11938 ||| INVOKING Berserk.
 12116 | Lair:2   | 12116 ||| INVOKING Berserk.
 12293 | Lair:2   | Noticed an eight-headed hydra
 12296 | Lair:2   | 12296 ||| SWAPPING to +2 flail of protection.
 12297 | Lair:2   | 12297 ||| INVOKING Berserk.
 12299 | Lair:2   | Killed an eight-headed hydra
 12306 | Lair:2   | 12306 ||| SWAPPING to +8 war axe of Hacking and Slashing
                  | {elec, Int+3 Dex-4 SInv Stlth+}.
 12433 | Lair:2   | Found a hole to the Spider Nest.
 12435 | Lair:2   | You fall into a shaft and drop 1 floor!
 12511 | Lair:3   | Found a staircase to the Shoals.
 12540 | Lair:3   | Noticed a boulder beetle
 12547 | Lair:3   | 12547 ||| INVOKING Berserk.
 12550 | Lair:3   | Killed a boulder beetle
 12683 | Lair:3   | 12683 ||| Stepping ~*~*~tactically~*~*~ (stealth).
 12685 | Lair:3   | 12685 ||| Stepping ~*~*~tactically~*~*~ (stealth).
 12687 | Lair:3   | 12687 ||| Stepping ~*~*~tactically~*~*~ (stealth).
 12698 | Lair:3   | Noticed Snorg
 12711 | Lair:3   | Reached skill level 9 in Armour
 12711 | Lair:3   | 12711 ||| INVOKING Berserk.
 12728 | Lair:3   | Killed Snorg
 12861 | Lair:3   | 12861 ||| READING 6 scrolls of identify.
 12861 | Lair:3   | 12861 ||| IDENTIFYING golden potion
 12862 | Lair:3   | 12862 ||| READING 5 scrolls of identify.
 12862 | Lair:3   | 12862 ||| IDENTIFYING cyan potion
 12863 | Lair:3   | 12863 ||| DROPPING potion of attraction.
 12929 | Lair:2   | 12929 ||| INVOKING Berserk.
 12952 | Lair:2   | 12952 ||| Stepping ~*~*~tactically~*~*~ (stealth).
 13038 | Lair:2   | Found a runed translucent gate.
 13039 | Lair:2   | Found a runed translucent gate.
 13040 | Lair:2   | Found a runed translucent gate.
 13068 | Lair:2   | 13068 ||| Stepping ~*~*~tactically~*~*~ (stealth).
 13070 | Lair:2   | 13070 ||| INVOKING Berserk.
 13075 | Lair:2   | Reached skill level 12 in Fighting
 13197 | Lair:2   | 13197 ||| INVOKING Berserk.
 13586 | Lair:2   | Noticed qw's ghost (novice MiBe)
 13694 | Lair:3   | Noticed a seven-headed hydra
 13695 | Lair:3   | 13695 ||| INVOKING Brothers in Arms.
 13697 | Lair:3   | 13697 ||| SWAPPING to +2 flail of protection.
 13698 | Lair:3   | 13698 ||| INVOKING Berserk.
 13701 | Lair:3   | Killed a seven-headed hydra
 13707 | Lair:3   | 13707 ||| SWAPPING to +8 war axe of Hacking and Slashing
                  | {elec, Int+3 Dex-4 SInv Stlth+}.
 13711 | Lair:3   | Noticed a boulder beetle
 13712 | Lair:3   | Found an ornate altar of the Wu Jian Council.
 13712 | Lair:3   | Found a hide-covered altar of Uskayaw.
 13715 | Lair:3   | Killed a boulder beetle
 13901 | Lair:3   | Noticed a four-headed hydra
 13904 | Lair:3   | 13904 ||| SWAPPING to +2 flail of protection.
 13905 | Lair:3   | 13905 ||| INVOKING Berserk.
 13913 | Lair:3   | Killed a four-headed hydra
 13919 | Lair:3   | 13919 ||| SWAPPING to +8 war axe of Hacking and Slashing
                  | {elec, Int+3 Dex-4 SInv Stlth+}.
 13923 | Lair:3   | Noticed Gastronok
 13928 | Lair:3   | 13928 ||| Stepping ~*~*~tactically~*~*~ (water).
 13932 | Lair:3   | Killed Gastronok
 14177 | Lair:3   | 14177 ||| INVOKING Berserk.
 14557 | Lair:3   | 14557 ||| DROPPING scarf of invisibility.
 14558 | Lair:3   | 14558 ||| UPGRADING to +1 hat.
 14616 | Lair:4   | 14616 ||| STAIRDANCE
 14616 | Lair:4   | Noticed a catoblepas
 14617 | Lair:4   | Reached XP level 13. HP: 100/119 MP: 12/12
 14647 | Lair:4   | 14647 ||| INVOKING Berserk.
 14653 | Lair:4   | 14653 ||| STAIRDANCE
 14760 | Lair:4   | 14760 ||| INVOKING Berserk.
 14939 | Lair:4   | 14939 ||| INVOKING Berserk.
 14942 | Lair:4   | Reached skill level 9 in Shields
 15139 | Lair:4   | 15139 ||| INVOKING Berserk.
 15257 | Lair:4   | Found a runed translucent gate.
 15260 | Lair:4   | Found a runed translucent gate.
 15260 | Lair:4   | Noticed qw's ghost (journeyman TrCA)
 15262 | Lair:4   | Found a runed translucent gate.
 15336 | Lair:4   | 15336 ||| INVOKING Berserk.
 15470 | Lair:4   | Found a runed translucent door.
 15470 | Lair:4   | Found a viscous altar of Jiyva.
 15471 | Lair:4   | Found a staircase to the Slime Pits.
 15471 | Lair:4   | Noticed an acid blob
 15471 | Lair:4   | Noticed an acid blob
 15885 | Lair:4   | 15885 ||| UPGRADING to ring of protection from fire.
 15928 | Lair:5   | Entered Level 5 of the Lair of Beasts
 16061 | Lair:5   | 16061 ||| FLEEEEING.
 16062 | Lair:5   | 16062 ||| FLEEEEING.
 16063 | Lair:5   | 16063 ||| FLEEEEING.
 16064 | Lair:5   | 16064 ||| FLEEEEING.
 16065 | Lair:5   | 16065 ||| FLEEEEING.
 16081 | Lair:5   | Noticed Kirke
 16082 | Lair:5   | 16082 ||| INVOKING Trog's Hand.
 16088 | Lair:5   | 16088 ||| INVOKING Berserk.
 16093 | Lair:5   | Killed Kirke
 16120 | Lair:5   | Reached skill level 15 in Fighting
 16143 | Lair:5   | 16143 ||| FLEEEEING.
 16144 | Lair:5   | 16144 ||| FLEEEEING.
 16145 | Lair:5   | 16145 ||| FLEEEEING.
 16150 | Lair:5   | 16150 ||| STAIRDANCE
 16182 | Lair:4   | 16182 ||| READING 5 scrolls of identify.
 16182 | Lair:4   | 16182 ||| IDENTIFYING red potion
 16183 | Lair:4   | 16183 ||| DROPPING potion of lignification.
 16416 | Lair:5   | 16416 ||| FLEEEEING.
 16417 | Lair:5   | 16417 ||| FLEEEEING.
 16423 | Lair:5   | 16423 ||| INVOKING Berserk.
 16585 | Lair:5   | 16585 ||| INVOKING Brothers in Arms.
 16586 | Lair:5   | 16586 ||| INVOKING Brothers in Arms.
 16587 | Lair:5   | 16587 ||| INVOKING Brothers in Arms.
 16588 | Lair:5   | 16588 ||| SWAPPING to +2 flail of protection.
 16590 | Lair:5   | 16590 ||| INVOKING Berserk.
 16597 | Lair:5   | 16597 ||| SWAPPING to +8 war axe of Hacking and Slashing
                  | {elec, Int+3 Dex-4 SInv Stlth+}.
 16737 | Lair:5   | Found a large runed translucent door.
 16737 | Lair:5   | Found a large runed translucent door.
 16739 | Lair:5   | Noticed qw's ghost (journeyman TrCA)
 16783 | Lair:5   | 16783 ||| INVOKING Berserk.
 16932 | Lair:5   | 16932 ||| INVOKING Berserk.
 16948 | Lair:5   | 16948 ||| DRINKING 2 potions of cancellation.
 16949 | Lair:5   | 16949 ||| DRINKING potion of cancellation.
 16971 | Lair:5   | 16971 ||| FLEEEEING.
 16972 | Lair:5   | 16972 ||| FLEEEEING.
 16973 | Lair:5   | 16973 ||| FLEEEEING.
 16974 | Lair:5   | 16974 ||| FLEEEEING.
 16975 | Lair:5   | 16975 ||| FLEEEEING.
 16976 | Lair:5   | 16976 ||| FLEEEEING.
 16977 | Lair:5   | 16977 ||| FLEEEEING.
 16978 | Lair:5   | 16978 ||| FLEEEEING.
 16979 | Lair:5   | 16979 ||| FLEEEEING.
 16980 | Lair:5   | 16980 ||| FLEEEEING.
 16981 | Lair:5   | 16981 ||| FLEEEEING.
 16982 | Lair:5   | 16982 ||| FLEEEEING.
 16990 | Lair:5   | 16990 ||| FLEEEEING.
 16991 | Lair:5   | 16991 ||| FLEEEEING.
 16992 | Lair:5   | 16992 ||| FLEEEEING.
 17044 | Lair:5   | 17044 ||| INVOKING Berserk.
 17238 | Lair:5   | Reached skill level 12 in Armour
 17250 | Lair:5   | 17250 ||| Stepping ~*~*~tactically~*~*~ (stealth).
 17252 | Lair:5   | 17252 ||| INVOKING Berserk.
 17436 | Lair:5   | 17436 ||| Stepping ~*~*~tactically~*~*~ (stealth).
 17442 | Lair:5   | Reached XP level 14. HP: 130/135 MP: 13/13
 17484 | Lair:5   | Found a corrupted altar of Lugonu.
 17484 | Lair:5   | Found a one-way gate to the infinite horrors of the Abyss.
 17805 | Lair:5   | 17805 ||| PLANNING D:1-11
 17805 | Lair:5   | 17805 ||| UPGRADING to scarf of repulsion.
 17810 | Lair:5   | 17810 ||| DROPPING ring of magical power.
 17811 | Lair:5   | 17811 ||| READING 5 scrolls of identify.
 17811 | Lair:5   | 17811 ||| IDENTIFYING purple potion
 17812 | Lair:5   | 17812 ||| DROPPING potion of degeneration.
 18032 | D:11     | 18032 ||| Stepping ~*~*~tactically~*~*~ (stealth).
 18051 | D:11     | 18051 ||| READING scroll of enchant armour.
 18051 | D:11     | 18051 ||| ENCHANTING +0 pair of gloves.
 18078 | D:11     | Found a hazy altar of Hepliaklqana.
 18080 | D:11     | Found a faded altar of an unknown god.
 18139 | D:11     | Reached skill level 6 in Throwing
 18140 | D:11     | Reached ***** piety under Trog
 18389 | D:11     | 18389 ||| Stepping ~*~*~tactically~*~*~ (hiding).
 18628 | D:11     | 18628 ||| FLEEEEING.
 18629 | D:11     | 18629 ||| FLEEEEING.
 19147 | D:11     | 19147 ||| PLANNING D
 19266 | D:12     | 19266 ||| Stepping ~*~*~tactically~*~*~ (hiding).
 19268 | D:12     | 19268 ||| Stepping ~*~*~tactically~*~*~ (hiding).
 19270 | D:12     | 19270 ||| Stepping ~*~*~tactically~*~*~ (hiding).
 19282 | D:12     | 19282 ||| Stepping ~*~*~tactically~*~*~ (stealth).
 19294 | D:12     | 19294 ||| Stepping ~*~*~tactically~*~*~ (hiding).
 19297 | D:12     | 19297 ||| Stepping ~*~*~tactically~*~*~ (hiding).
 19305 | D:12     | 19305 ||| Stepping ~*~*~tactically~*~*~ (hiding).
 19308 | D:12     | 19308 ||| Stepping ~*~*~tactically~*~*~ (hiding).
 19337 | D:12     | Found a staircase to the Orcish Mines.
 19519 | D:12     | 19519 ||| Stepping ~*~*~tactically~*~*~ (stealth).
 19522 | D:12     | 19522 ||| Stepping ~*~*~tactically~*~*~ (stealth).
 19539 | D:12     | Reached skill level 6 in Dodging
 19600 | D:12     | 19600 ||| INVOKING Brothers in Arms.
 19601 | D:12     | 19601 ||| INVOKING Berserk.
 19765 | D:12     | 19765 ||| Stepping ~*~*~tactically~*~*~ (stealth).
 19771 | D:12     | 19771 ||| Stepping ~*~*~tactically~*~*~ (stealth).
 19773 | D:12     | 19773 ||| Stepping ~*~*~tactically~*~*~ (stealth).
 20038 | D:13     | 20038 ||| Stepping ~*~*~tactically~*~*~ (hiding).
 20130 | D:13     | 20130 ||| Stepping ~*~*~tactically~*~*~ (hiding).
 20403 | D:13     | 20403 ||| Stepping ~*~*~tactically~*~*~ (stealth).
 20420 | D:13     | 20420 ||| FLEEEEING.
 20421 | D:13     | 20421 ||| FLEEEEING.
 20422 | D:13     | 20422 ||| FLEEEEING.
 20423 | D:13     | 20423 ||| FLEEEEING.
 20424 | D:13     | 20424 ||| FLEEEEING.
 20425 | D:13     | 20425 ||| FLEEEEING.
 20432 | D:13     | 20432 ||| Stepping ~*~*~tactically~*~*~ (hiding).
 20435 | D:13     | 20435 ||| INVOKING Berserk.
 20447 | D:13     | 20447 ||| INVOKING Brothers in Arms.
 20507 | D:13     | 20507 ||| Stepping ~*~*~tactically~*~*~ (stealth).
 20509 | D:13     | 20509 ||| Stepping ~*~*~tactically~*~*~ (stealth).
 20531 | D:13     | 20531 ||| Stepping ~*~*~tactically~*~*~ (stealth).
 20597 | D:13     | Noticed an ironbound preserver
 20598 | D:13     | 20598 ||| INVOKING Brothers in Arms.
 20599 | D:13     | 20599 ||| INVOKING Berserk.
 20603 | D:13     | Killed an ironbound preserver
 20706 | D:13     | 20706 ||| Stepping ~*~*~tactically~*~*~ (stealth).
 20710 | D:13     | Found a gate to the Vaults.
 20861 | D:13     | 20861 ||| Stepping ~*~*~tactically~*~*~ (stealth).
 20997 | D:13     | 20997 ||| READING scroll labelled DOROOK FIOCIKE.
 20998 | D:13     | 20998 ||| READING 6 scrolls of identify.
 20998 | D:13     | 20998 ||| IDENTIFYING green potion
 20999 | D:13     | 20999 ||| DROPPING potion of flight.
 21021 | D:14     | 21021 ||| PLANNING GAUNTLET
 21028 | D:14     | 21028 ||| Stepping ~*~*~tactically~*~*~ (stealth).
 21069 | D:14     | Found a gate leading to a gauntlet.
 21070 | D:14     | 21070 ||| INVOKING Berserk.
 21181 | D:14     | 21181 ||| Stepping ~*~*~tactically~*~*~ (stealth).
 21183 | D:14     | 21183 ||| INVOKING Brothers in Arms.
 21185 | D:14     | 21185 ||| INVOKING Berserk.
 21300 | Gauntlet | Entered a Gauntlet
 21300 | Gauntlet | Found a transporter.
 21300 | Gauntlet | Found a transporter.
 21316 | Gauntlet | Found a transporter.
 21320 | Gauntlet | Found a transporter.
 21340 | Gauntlet | Found a transporter.
 21351 | Gauntlet | Found a transporter.
 21363 | Gauntlet | Found a transporter.
 21371 | Gauntlet | Found a transporter.
 21415 | Gauntlet | Found a transporter.
 21431 | Gauntlet | Found a transporter.
 21441 | Gauntlet | Found a transporter.
 21456 | Gauntlet | Found a transporter.
 21507 | Gauntlet | 21507 ||| Stepping randomly (stuck).
 21508 | Gauntlet | 21508 ||| Stepping randomly (stuck).
 21509 | Gauntlet | 21509 ||| Stepping randomly (stuck).
 21563 | Gauntlet | 21563 ||| INVOKING Brothers in Arms.
 21571 | Gauntlet | 21571 ||| INVOKING Berserk.
 21699 | Gauntlet | Gained mutation: Your spells are a little easier to cast,
                  | but a little less powerful. [a neqoxec]
 21737 | Gauntlet | Found the +2 ratskin cloak {*Rats rPois rN+ Str-1 Int-1
                  | Dex+1}
 21737 | Gauntlet | Identified the +8 bardiche of Spontaneous Combustion
                  | {vorpal, Dex+4}
 21738 | Gauntlet | 21738 ||| Stepping ~*~*~tactically~*~*~ (hiding).
 21743 | Gauntlet | 21743 ||| INVOKING Berserk.
 21873 | Gauntlet | Identified the +9 rapier of Calculation {vorpal, *Rage rF+
                  | rC+}
 21875 | Gauntlet | Identified the +0 leather armour "Okiuwarph" {Dex+4}
 21876 | Gauntlet | 21876 ||| DROPPING +0 cloak.
 21877 | Gauntlet | 21877 ||| DROPPING scarf of harm.
 21878 | Gauntlet | 21878 ||| UPGRADING to +2 ratskin cloak {*Rats rPois rN+
                  | Str-1 Int-1 Dex+1}.
 21891 | D:14     | 21891 ||| PLANNING D
 21949 | D:14     | 21949 ||| INVOKING Berserk.
 22184 | D:14     | 22184 ||| Stepping ~*~*~tactically~*~*~ (hiding).
 22389 | D:14     | Found a transporter.
 22393 | D:14     | Noticed a storm dragon
 22396 | D:14     | Noticed Uummannaq's ghost (journeyman MiFi)
 22437 | D:14     | 22437 ||| Stepping ~*~*~tactically~*~*~ (stealth).
 22438 | D:14     | 22438 ||| Stepping ~*~*~tactically~*~*~ (stealth).
 22448 | D:14     | 22448 ||| INVOKING Berserk.
 22452 | D:14     | Reached XP level 15. HP: 147/147 MP: 14/14
 22594 | D:14     | Found Axushromn's Distillery.
 22618 | D:14     | 22618 ||| BUYING potion of cancellation (136 gold).
 22618 | D:14     | Bought a potion of cancellation for 136 gold pieces
 22618 | D:14     | 22618 ||| BUYING potion of haste (170 gold).
 22618 | D:14     | Bought a potion of haste for 170 gold pieces
 22682 | D:14     | 22682 ||| Stepping ~*~*~tactically~*~*~ (hiding).
 22685 | D:14     | 22685 ||| Stepping ~*~*~tactically~*~*~ (hiding).
 22762 | D:14     | 22762 ||| INVOKING Berserk.
 22767 | D:14     | Reached skill level 9 in Throwing
 23052 | D:14     | Found a transporter.
 23166 | D:15     | Entered Level 15 of the Dungeon
 23295 | D:15     | 23295 ||| SWAPPING to +2 flail of protection.
 23296 | D:15     | 23296 ||| INVOKING Berserk.
 23303 | D:15     | 23303 ||| SWAPPING to +8 war axe of Hacking and Slashing
                  | {elec, Int+3 Dex-4 SInv Stlth+}.
 23467 | D:15     | 23467 ||| Stepping ~*~*~tactically~*~*~ (hiding).
 23491 | D:15     | 23491 ||| Stepping ~*~*~tactically~*~*~ (stealth).
 23492 | D:15     | 23492 ||| Stepping ~*~*~tactically~*~*~ (stealth).
 23556 | D:15     | 23556 ||| INVOKING Berserk.
 23575 | D:15     | 23575 ||| Stepping ~*~*~tactically~*~*~ (hiding).
 23577 | D:15     | 23577 ||| INVOKING Trog's Hand.
 23672 | D:15     | Found Ynyateub's Antique Armour Emporium.
 23680 | D:15     | 23680 ||| BUYING pair of glowing gloves (187 gold).
 23680 | D:15     | Bought a pair of glowing gloves for 187 gold pieces
 23814 | D:15     | Found a staircase to the Depths.
 23970 | D:15     | 23970 ||| PLANNING ORC
 23970 | D:15     | 23970 ||| UPGRADING to +0 kite shield.
 23980 | D:15     | 23980 ||| DROPPING +0 buckler.
 23981 | D:15     | 23981 ||| DROPPING +1 pair of gloves.
 23982 | D:15     | 23982 ||| READING 8 scrolls of identify.
 23982 | D:15     | 23982 ||| IDENTIFYING emerald potion
 23983 | D:15     | 23983 ||| DROPPING potion of invisibility.
 24070 | Orc:1    | Entered Level 1 of the Orcish Mines
 24159 | Orc:1    | 24159 ||| Stepping ~*~*~tactically~*~*~ (hiding).
 24181 | Orc:1    | 24181 ||| Stepping ~*~*~tactically~*~*~ (hiding).
 24182 | Orc:1    | 24182 ||| Stepping ~*~*~tactically~*~*~ (hiding).
 24183 | Orc:1    | 24183 ||| Stepping ~*~*~tactically~*~*~ (hiding).
 24184 | Orc:1    | 24184 ||| Stepping ~*~*~tactically~*~*~ (hiding).
 24186 | Orc:1    | 24186 ||| Stepping ~*~*~tactically~*~*~ (hiding).
 24447 | Orc:1    | Found a dark tunnel.
 24447 | Orc:1    | Noticed Erolcha
 24448 | Orc:1    | 24448 ||| INVOKING Trog's Hand.
 24451 | Orc:1    | Killed Erolcha
 24484 | Orc:2    | Entered Level 2 of the Orcish Mines
 24679 | Orc:2    | 24679 ||| FLEEEEING.
 24769 | Orc:2    | 24769 ||| INVOKING Berserk.
 24980 | Orc:2    | Found a staircase to the Elven Halls.
 25011 | Orc:2    | Found a frozen archway.
 25196 | Orc:2    | 25196 ||| Stepping ~*~*~tactically~*~*~ (stealth).
 25197 | Orc:2    | 25197 ||| Stepping ~*~*~tactically~*~*~ (hiding).
 25212 | Orc:2    | 25212 ||| INVOKING Berserk.
 25222 | Orc:2    | HP: 46/220 [orc knight/bolt (23)]
 25226 | Orc:2    | HP: 18/220 [orc warrior/+0 trident (23)]
 25228 | Orc:2    | Killed from afar by an orc priest

Levels and vault maps discovered:
D:1:      sevenhm_arrival_forest_fort_small_6, layout_basic,
          ebering_ecumenical_altar_rust, minmay_distorted
D:2:      layout_basic, uniq_jessica
D:3:      cheibrodos_greedy_goblins, layout_loops_ring,
          mainiacjoe_overflow_cross_hatched, corexii_corridor_pit,
          minmay_door_square
D:4:      layout_rooms, gammafunk_temple_overflow_forgotten,
          gammafunk_ghost_gnarly_gnolls, chequers_serial_rivers_small_3,
          hangedman_decor_slide_cut, serial_bayou_crossing, uniq_robin
D:5:      layout_gridville, minmay_misc_feat_enclosed
D:6:      layout_layer_cave, elyvilon_altar_5, serial_shops,
          nicolae_square_shop, grunt_ministairs_9
D:7:      layout_cave_pods, minmay_temple_entry_waves, serial_shops,
          nicolae_shop_stone
D:8:      layout_loops_corners, marbit_many_paths
D:9:      layout_long_grid
D:10:     layout_cave_pools, slow_altar_2, lair_entry_dummy
D:11:     layout_basic, serial_bayou, serial_bayou_pond_a,
          serial_bayou_lagoon_a, serial_bayou_shore_a, serial_bayou_shore_b,
          serial_bayou_pond_b, beargit_hepliaklqana_dungeon_heroes
D:12:     layout_long_grid, david_orc_4, minmay_curled_crystal
D:13:     layout_loops_ring, skrybe_vaults_entry_preservation, fountainhead,
          kennysheep_generic_room_4
D:14:     layout_stronghold, nrook_uturn, gauntlet_entry_generic, serial_shops,
          shop, gammafunk_ghost_berserking_beasts
D:15:     hangedman_depths_entry_civil_slaughter, layout_gridville,
          serial_shops, shop, serial_park_square1 [serial_park_minivault_5x5_8]
Lair:1:   layout_regular_city, infiniplex_staircase_pool
Lair:2:   layout_regular_city, spider_nest_entry_web_field,
          gammafunk_ghost_necromancy, st_stairs_8, lemuel_fruit_tree,
          grunt_megastairs_3
Lair:3:   layout_hall_layers, elwin_shoals_entry_rocks,
          chequers_serial_rivers_large_b, nicolae_quartered_pool_impasse,
          nzn_masters_of_martial_movement, grunt_megastairs_2, uniq_gastronok,
          uniq_snorg
Lair:4:   layout_long_grid, slime_entry_2, ebering_ghost_rock_garden,
          serial_bayou_pond_a
Lair:5:   hellmonk_lair_end_abyssal_woods, layout_cave_pods,
          ebering_ghost_disaster_area, grunt_megastairs_1,
          infiniplex_staircase_pool_2, uniq_kirke
Orc:1:    layout_caves, nicolae_volcano_entry_two_sided, uniq_erolcha
Orc:2:    st_orc_pillars, layout_caves, portal_ice_cave_entry_pillars_2

Skill      XL: |  1  2  3  4  5  6  7  8  9 10 11 12 13 14 15 |
---------------+----------------------------------------------+-----
Axes           | 4 5 6 7 8 9 10 12 14 18 | 18.2
Fighting       | 4 6 7 8 10 12 15 17 | 17.5
Throwing       | 2 3 4 5 8 10 | 10.0
Armour         | 4 6 8 10 12 13 14 | 14.0
Shields        | 6 8 10 11 | 11.9
Dodging        | 3 5 6 7 |  7.1

Action                   |  1- 3 |  4- 6 |  7- 9 | 10-12 | 13-15 || total
-------------------------+-------+-------+-------+-------+-------++-------
Melee: Hand axe          |    62 |       |       |       |       ||    62
       Headbutt          |     8 |     7 |    23 |    47 |   145 ||   230
       War axe           |    10 |    96 |   147 |   227 |   698 ||  1178
       Punch             |       |     2 |       |       |       ||     2
       Flail             |       |       |       |    18 |     5 ||    23
Throw: Javelin           |       |       |    39 |    53 |    84 ||   176
       Boomerang         |       |       |       |       |     1 ||     1
Invok: Berserk           |     1 |     5 |    11 |    18 |    26 ||    61
       Brothers in Arms  |       |       |       |     2 |     6 ||     8
       Trog's Hand       |       |       |       |       |     3 ||     3
  Use: Scroll            |     4 |    10 |     1 |    10 |     6 ||    31
       Potion            |     1 |       |       |     2 |     2 ||     5
Armor: Animal skin       |     7 |       |       |       |       ||     7
       Scale mail        |       |    34 |    19 |       |       ||    53
       Chain mail        |       |       |    14 |    80 |   226 ||   320
Dodge: Dodged            |    37 |    37 |    55 |   104 |   304 ||   537
Block: Buckler           |       |       |       |    23 |   124 ||   147
       Kite shield       |       |       |       |       |    33 ||    33

Table legend:
 A = Non-vault XP
 B = Vault XP
 C = Vault XP percentage of total XP
 D = Non-vault monster count
 E = Vault monster count
 F = Vault count percentage of total count
                 A         B        C        D         E       F
            +---------+---------+-------+---------+---------+-------
      Total |   81989 |   42579 |  34.2 |     406 |     196 |  32.6
            +---------+---------+-------+---------+---------+-------
        D:1 |      43 |       4 |   8.5 |      23 |       3 |  11.5
        D:2 |      20 |      37 |  64.9 |      10 |       1 |   9.1
        D:3 |     113 |      22 |  16.3 |      16 |      11 |  40.7
        D:4 |     175 |      36 |  17.1 |      18 |      11 |  37.9
        D:5 |    1217 |       0 |   0.0 |      25 |       0 |   0.0
        D:6 |     737 |     158 |  17.7 |      14 |       2 |  12.5
        D:7 |    1489 |       0 |   0.0 |      31 |       0 |   0.0
        D:8 |    1865 |       3 |   0.2 |      15 |       1 |   6.2
        D:9 |    2949 |       0 |   0.0 |      25 |       0 |   0.0
       D:10 |     680 |      18 |   2.6 |      10 |       1 |   9.1
       D:11 |    5174 |    1050 |  16.9 |      24 |       4 |  14.3
       D:12 |    6635 |     755 |  10.2 |      28 |      17 |  37.8
       D:13 |    5018 |    5971 |  54.3 |      15 |      10 |  40.0
       D:14 |   12848 |       0 |   0.0 |      27 |       0 |   0.0
       D:15 |    9713 |    4561 |  32.0 |      17 |       6 |  26.1
     Lair:1 |    6383 |       0 |   0.0 |      15 |       0 |   0.0
     Lair:2 |    3796 |    2196 |  36.6 |      14 |       9 |  39.1
     Lair:3 |    4642 |    5599 |  54.7 |      13 |      10 |  43.5
     Lair:4 |    5585 |       0 |   0.0 |      17 |       0 |   0.0
     Lair:5 |   10912 |   13386 |  55.1 |      27 |      49 |  64.5
      Orc:1 |    1228 |     857 |  41.1 |      11 |       1 |   8.3
      Orc:2 |     767 |    4297 |  84.9 |      11 |      47 |  81.0
   Gauntlet |       0 |    3629 | 100.0 |       0 |      13 | 100.0
            +---------+---------+-------+---------+---------+-------
